 Dungeon Sprint DCSS version 0.29.1-2-gbd0b4ee654 (webtiles) character file.

Game seed: 5938473745592419318

128 Zeld the Cleaver (level 4, -4/67 HPs)
             Began as a Minotaur Berserker on Nov 2, 2022.
             Was a Follower of Trog.
             Slain by a neqoxec (8 damage)
             ... in the Dungeon (Sprint II: "The Violet Keep of Menkaure").
             The game lasted 00:00:08 (14 turns).

Zeld the Cleaver (Minotaur Berserker)                 Turns: 14, Time: 00:00:09

Health: -4/67      AC:  2    Str: 22    XL:     4   Next: 86%
Magic:  2/2        EV: 13    Int:  4    God:    Trog [*.....]
Gold:   0          SH:  0    Dex:  9    Spells: 3/3 levels left

rFire   . . .      SeeInvis .   a - +0 hand axe
rCold   . . .      Faith    .   (no shield)
rNeg    . . .      Spirit   .   b - +0 animal skin
rPois   .          Reflect  .   (helmet restricted)
rElec   .          Harm     .   (no cloak)
rCorr   .          Rampage  .   (no gloves)
Will    .....      NoTele   +   (no boots)
Stlth   ..........              (no amulet)
HPRegen 0.21/turn               (no ring)
MPRegen 0.08/turn               (no ring)

@: berserking (expiring), very quick
A: horns 2, retaliatory headbutt, low MP 1, weak 1
a: Renounce Religion, Berserk


You were in the Dungeon.
You worshipped Trog.
Trog was aware of your devotion.
You visited 1 branch

Inventory:

Hand Weapons
 a - a +0 hand axe (weapon)
Armour
 b - a +0 animal skin (worn)
Scrolls
 h - a scroll of blinking
Potions
 c - a potion of curing
 d - a potion of heal wounds
 e - a potion of haste
 f - 2 potions of magic
 g - a potion of berserk rage


   Skills:
 + Level 6.3 Fighting
 * Level 8.2 Axes
 + Level 5.6 Armour
 + Level 5.1 Dodging


You had 3 spell levels left.
You didn't know any spells.
Your spell library was empty.

Dungeon Overview and Level Annotations

Branches:
Dungeon (1/1)

Altars:


Innate Abilities, Weirdness & Mutations

You have a pair of horns on your head.
You reflexively headbutt those who attack you in melee.
Your magical capacity is low. (-10% MP)
You are weak. (Str -2)


Message History

The neqoxec hits you!
* * * LOW HITPOINT WARNING * * *
You barely miss the neqoxec.
The neqoxec is almost dead.
You closely miss the neqoxec.
The neqoxec is almost dead.
The neqoxec hits you!
* * * LOW HITPOINT WARNING * * *
The neqoxec gestures at you.
You feel dopey. Something feeds on your intellect!
You hit the neqoxec.
You feel the power of Trog in you as your rage grows.
You kill the neqoxec!
Trog accepts your kill. The neqoxec gestures at you.
Strange energies course through your body.
You feel weaker.
You feel your intelligence returning.
Your Fighting skill gained 3 levels and is now at level 6!
Your Axes skill gained 5 levels and is now at level 8!
Your Armour skill gained 3 levels and is now at level 5!
Your Dodging skill gained 3 levels and is now at level 5!
You have reached level 2!
You have reached level 3!
Your experience leads to an increase in your attributes!
Your base attributes are Str 21, Int 4, Dex 9.
Increase (S)trength, (I)ntelligence, or (D)exterity?
You feel stronger. x2
You have reached level 4!
You feel stronger.
Unknown command.
Unknown command.
Unknown command.
You completely miss the neqoxec. Your headbutt misses the neqoxec.
Unknown command.
You barely miss the neqoxec. You headbutt the neqoxec.
The neqoxec is lightly wounded.
The neqoxec hits you!
You die...

##
###
.##..
33.
#3#
##@##
+.<.+
##.##
#+#


You could see 3 neqoxecs.

Vanquished Creatures
  A neqoxec (D)
1 creature vanquished.

Notes
Turn   | Place    | Note
-------+----------+-------------------------------------------
     0 | D        | Zeld the Minotaur Berserker began the quest for the Orb.
     0 | D        | Reached XP level 1. HP: 19/19 MP: 0/0
     1 | D        | Noticed a neqoxec
     1 | D        | Noticed a neqoxec
     1 | D        | Noticed a neqoxec
     1 | D        | Noticed a neqoxec
     6 | D        | Gained mutation: Your magical capacity is low. (-10% MP) [a
                  | neqoxec]
    11 | D        | HP: 1/28 [neqoxec (7)]
    12 | D        | Killed a neqoxec
    12 | D        | Gained mutation: You are weak. (Str -2) [a neqoxec]
    13 | D        | Reached skill level 8 in Axes
    13 | D        | Reached skill level 5 in Armour
    13 | D        | Reached skill level 5 in Dodging
    13 | D        | Reached XP level 2. HP: 3/31 MP: 0/0
    13 | D        | Reached XP level 3. HP: 3/38 MP: 1/1
    13 | D        | Reached XP level 4. HP: 4/45 MP: 2/2
    14 | D        | Slain by a neqoxec

Illustrated notes

Levels and vault maps discovered:
D:        the_violet_keep_of_menkaure [sprint2_stairs_cluster_1,
          sprint2_shoproom, sprint2_temple, sprint2_basic_supplies,
          sprint2_obstacle_4, sprint2_obstacle_3, sprint2_obstacle_6,
          sprint2_obstacle_1, sprint2_obstacle_5, sprint2_timed_cluster_1,
          sprint2_smallroom_cluster_1, sprint2_smallroom_final_cluster_1,
          sprint2_transparent_cluster_1, sprint2_second_timed_cluster_1,
          sprint2_sniper_area_1, sprint2_heavy_combat_area_1,
          sprint2_mutation_trap_area_1, sprint2_forest_area_1,
          sprint2_light_combat_area_1, sprint2_behind_water_1,
          sprint2_near_end_vault_1]

Skill      XL: |  1 |
---------------+----+-----
Fighting       | 6 |  6.3
Axes           | 8 |  8.2
Armour         | 5 |  5.6
Dodging        | 5 |  5.1

Action                   |  1- 3 |  4- 6 || total
-------------------------+-------+-------++-------
Melee: Hand axe          |    10 |     2 ||    12
       Headbutt          |       |     1 ||     1
Invok: Berserk           |     1 |       ||     1
Armor: Animal skin       |     1 |       ||     1
Dodge: Dodged            |     1 |       ||     1
